 Dungeon Crawl Stone Soup version 0.25-a0-1079-g858b6a6ff6 (webtiles) character file.

Game seed: 5988853015823866970, levelgen mode: deterministic

172 vurker the Bolt Thrower (level 5, -8/32 HPs)
             Began as a Kobold Hunter on May 15, 2020.
             Killed from afar by Ijyb (17 damage)
             ... with a bolt of acid
             ... on level 3 of the Dungeon.
             The game lasted 00:04:37 (3188 turns).

vurker the Bolt Thrower (Kobold Hunter)             Turns: 3188, Time: 00:04:37

Health: -8/32      AC:  6    Str: 11    XL:     5   Next: 83%
Magic:  1/1        EV: 11    Int: 12    God:
Gold:   81         SH:  0    Dex: 15    Spells: 4/4 levels left

rFire    . . .     SeeInvis .   b - +0 dagger (antimagic)
rCold    . . .     Gourm    .   (shield restricted)
rNeg     . . .     Faith    .   f - +0 scale mail
rPois    .         Spirit   .   (no helmet)
rElec    .         Reflect  .   (no cloak)
rCorr    .         Harm     .   (no gloves)
MR       .....                  (no boots)
Stlth    ..........             (no amulet)
HPRegen  0.10/turn              (no ring)
MPRegen  0.07/turn              (no ring)

@: no status effects
A: small, carnivore
a: no special abilities


You were on level 3 of the Dungeon.
You were completely stuffed.

You visited 1 branch of the dungeon, and saw 3 of its levels.

You collected 81 gold pieces.

Inventory:

Hand Weapons
 a - a +1 hand crossbow
 b - a +0 antimagic dagger (weapon)
   (You took it off a goblin on level 2 of the Dungeon)
Missiles
 d - 8 bolts
Armour
 f - a +0 scale mail (worn)
   (You found it on level 1 of the Dungeon)
Jewellery
 l - an uncursed ring of ice
   (You found it on level 2 of the Dungeon)
Scrolls
 c - a scroll of teleportation {unknown}
 g - 2 scrolls of identify {unknown}
 k - 4 scrolls of remove curse {unknown}
 m - 2 scrolls of magic mapping {unknown}
Potions
 h - a potion of curing {unknown}
 i - a potion of heal wounds {unknown}
 j - 3 potions of magic {unknown}
 o - a potion of resistance {unknown}
Comestibles
 e - 3 rations


   Skills:
 + Level 3.3 Fighting
 * Level 4.0 Short Blades
 * Level 6.3 Crossbows
 - Level 2.4 Dodging
 - Level 1.3 Stealth


You had 4 spell levels left.
You didn't know any spells.
Your spell library was empty.

Dungeon Overview and Level Annotations

Branches:
Dungeon (3/15)

Altars:

Annotations:
D:3 Ijyb


Innate Abilities, Weirdness & Mutations

You are small and have problems with some larger weapons.
You are carnivorous and can eat meat at any time.


Message History

You hit the giant cockroach.
The giant cockroach bites you but does no damage.
You hit the giant cockroach but do no damage.
The giant cockroach bites you but does no damage.
You hit the giant cockroach.
You kill the giant cockroach!
No target in view!
A rat and Ijyb come into view.
Ijyb is carrying a wand of acid (4).
Ijyb shouts!
Found 7 gold pieces.
You feel magic returning to you.
a - a +1 hand crossbow (weapon)
Firing (i - inventory)
d - 13 bolts (quivered)
Aim: Ijyb, wearing a +0 chain mail and carrying a wand of acid (4)
You shoot a bolt. The bolt hits Ijyb.
Firing (i - inventory)
d - 12 bolts (quivered)
Aim: Ijyb, wearing a +0 chain mail and carrying a wand of acid (4) (lightly wounded)
You shoot a bolt. The bolt hits Ijyb but does no damage.
Firing (i - inventory)
d - 11 bolts (quivered)
Aim: Ijyb, wearing a +0 chain mail and carrying a wand of acid (4) (lightly wounded)
You shoot a bolt. The bolt hits Ijyb but does no damage.
The rat bites you but does no damage.
Firing (i - inventory)
d - 10 bolts (quivered)
Aim: Ijyb, wearing a +0 chain mail and carrying a wand of acid (4) (lightly wounded)
You shoot a bolt. The bolt hits the rat.
You kill the rat!
Firing (i - inventory)
d - 9 bolts (quivered)
Aim: Ijyb, wearing a +0 chain mail and carrying a wand of acid (4) (lightly wounded)
You shoot a bolt. The bolt hits Ijyb!
Ijyb zaps a wand.
The bolt of acid hits you!
You are splashed with acid!
* * * LOW HITPOINT WARNING * * *
Ijyb hits you but does no damage.
You feel magic leave you.
b - a +0 antimagic dagger (weapon)
You are too injured to fight recklessly!
You closely miss Ijyb. Ijyb hits you.
* * * LOW HITPOINT WARNING * * *
You hit Ijyb but do no damage. Ijyb barely misses you.
You hit Ijyb.
Ijyb zaps a wand.
The bolt of acid misses you.
You hit Ijyb but do no damage. You hit Ijyb but do no damage. Ijyb misses you.
You hit Ijyb but do no damage.
Ijyb zaps a wand.
The bolt of acid hits you!
Ouch! That really hurt!
You die...

......#.# ......#.#
..(...#.# ...(....#
...$(...# ......#
#.g.# #@## #..# #.#
.# #..###.# '#
#...##.#...#
#.#.##.#...#
#......'...#
####.#.#...
######.#.###########
#...................


You could see Ijyb.

Vanquished Creatures
  2 orc priests (D:3)
  2 worker ants (D:3)
  2 adders (D:2)
  An ooze (D:2)
  A worm (D:2)
  3 orcs (D:3)
  2 giant cockroaches
  4 goblins
  4 hobgoblins
  4 jackals (D:2)
  A quokka (D:2)
  2 ball pythons
  4 bats
  5 kobolds
  9 rats
46 creatures vanquished.

Notes
Turn   | Place    | Note
-------+----------+-------------------------------------------
     0 | D:1      | vurker the Kobold Hunter began the quest for the Orb.
     0 | D:1      | Reached XP level 1. HP: 12/12 MP: 1/1
   652 | D:1      | Reached skill level 1 in Short Blades
   652 | D:1      | Reached skill level 5 in Crossbows
   671 | D:1      | Reached XP level 2. HP: 18/18 MP: 2/2
  1336 | D:2      | Reached XP level 3. HP: 21/22 MP: 3/3
  1951 | D:2      | Reached XP level 4. HP: 24/27 MP: 1/4
  2243 | D:2      | Found a faded altar of an unknown god.
  2573 | D:3      | Reached skill level 6 in Crossbows
  2573 | D:3      | Reached XP level 5. HP: 19/32 MP: 5/5
  3175 | D:3      | Noticed Ijyb
  3188 | D:3      | Killed from afar by Ijyb

Illustrated notes

Levels and vault maps discovered:
D:1:      roderic_crossed_star, layout_basic
D:2:      minmay_chambers_of_twos, layout_loops_ring,
          chequers_ecumenical_altar_grove
D:3:      layout_basic, uniq_ijyb, uniq_sigmund

Skill      XL: |  1  2  3  4  5 |
---------------+----------------+-----
Short Blades   | 1 2 3 4 |  4.0
Crossbows      | 5 6 |  6.3
Fighting       | 3 |  3.3
Dodging        | |  2.4
Stealth        | |  1.3

Action                   |  1- 3 |  4- 6 || total
-------------------------+-------+-------++-------
Melee: Short sword       |    77 |       ||    77
       Dagger            |    76 |    62 ||   138
 Fire: Hand crossbow     |    16 |    27 ||    43
  Eat: Chunk             |    12 |     4 ||    16
Armor: Scale mail        |    70 |    21 ||    91
Dodge: Dodged            |    90 |    24 ||   114

Table legend:
 A = Non-vault XP
 B = Vault XP
 C = Vault XP percentage of total XP
 D = Non-vault monster count
 E = Vault monster count
 F = Vault count percentage of total count
                 A         B        C        D         E       F
            +---------+---------+-------+---------+---------+-------
      Total |     217 |      30 |  12.1 |      38 |       8 |  17.4
            +---------+---------+-------+---------+---------+-------
        D:1 |      12 |       0 |   0.0 |       9 |       0 |   0.0
        D:2 |      44 |      30 |  40.5 |      19 |       8 |  29.6
        D:3 |     161 |       0 |   0.0 |      10 |       0 |   0.0
            +---------+---------+-------+---------+---------+-------
